 Dungeon Crawl Stone Soup version 0.21.1-1-g345015f (webtiles) character file.

1252 inc the Conjurer (level 8, -4/58 HPs)
             Began as a Gnoll Conjurer on June 8, 2018.
             Was an Initiate of Ashenzari.
             Slain by a red ugly thing (10 damage)
             ... on level 6 of the Dungeon.
             The game lasted 00:12:23 (5978 turns).

inc the Conjurer (Gnoll Conjurer)                   Turns: 5978, Time: 00:12:24

Health: -4/58      AC:  7    Str: 16    XL:     8   Next: 51%
Magic:  26/26      EV: 15    Int: 20    God:    Ashenzari [......]
Gold:   262        SH:  0    Dex: 15    Spells: 16/19 levels left

rFire    + . .     SeeInvis .   F - -2 mace (curse)
rCold    + + .     Gourm    .   (no shield)
rNeg     . . .     Faith    .   E - +1 leather armour of Hedge Wizardry {rC++}
rPois    .         Spirit   .   (no helmet)
rElec    .         Reflect  .   (no cloak)
rCorr    .         Harm     .   w - +0 pair of gloves
MR       .....                  l - +1 pair of boots
Stlth    +++.......             r - amulet of inaccuracy (curse)
HPRegen  0.19/turn              d - ring of magical power (curse)
MPRegen  0.20/turn              o - ring of protection from fire (curse)

@: mighty
A: distributed training, fangs 1, strong nose
a: Curse Item, Renounce Religion


You were on level 6 of the Dungeon.
You worshipped Ashenzari.
Ashenzari was noncommittal.
You were not hungry.

You visited 2 branches of the dungeon, and saw 7 of its levels.

You collected 262 gold pieces.

Inventory:

Hand Weapons
 f - a +2 dagger of venom
 p - a +1 flail of holy wrath
 F - a cursed -2 mace (weapon)
Armour
 a - a +0 robe
 l - a +1 pair of boots (worn)
 m - a +0 leather armour
 v - a +0 ring mail
 w - a +0 pair of gloves (worn)
 y - a +0 chain mail
 E - the +1 leather armour of Hedge Wizardry (worn) {rC++}
   (You found it on level 5 of the Dungeon)

   It greatly protects you from cold.
Jewellery
 d - a cursed ring of magical power (left hand)
 e - an uncursed ring of resist corrosion
 o - a cursed ring of protection from fire (right hand)
 r - a cursed amulet of inaccuracy (around neck)
 D - an uncursed ring of protection from cold
Wands
 s - a wand of paralysis (8)
Scrolls
 g - a scroll of fear
 A - a scroll of teleportation {unknown}
 C - a scroll of noise {unknown}
Potions
 h - a potion of flight {unknown}
 i - 4 potions of berserk rage
 j - a potion of brilliance {unknown}
 k - a potion of haste {unknown}
 n - 2 potions of curing
 q - a potion of heal wounds {unknown}
 t - a potion of magic
 u - 2 potions of cancellation
 z - a potion of might
 B - a potion of degeneration {unknown}
Books
 b - a book of Conjurations

   Spells                             Type                      Level
   a - Magic Dart                     Conjuration                  1
   b - Searing Ray                    Conjuration                  2
   c - Dazzling Spray                 Conjuration/Hexes            3
   d - Fulminant Prism                Conjuration/Hexes            4
   e - Force Lance                    Conjuration/Translocation    4
   f - Iskenderun's Mystic Blast      Conjuration                  4
Comestibles
 c - 10 rations


   Skills:
 + Level 3.2 Fighting
 + Level 3.2 Short Blades
 + Level 3.2 Long Blades
 + Level 3.2 Axes
 + Level 3.2 Maces & Flails
 + Level 3.2 Polearms
 + Level 3.2 Staves
 + Level 3.2 Slings
 + Level 3.2 Bows
 + Level 3.2 Crossbows
 + Level 3.2 Throwing
 + Level 3.2 Armour
 + Level 5.7 Dodging
 + Level 5.3 Stealth
 + Level 3.2 Shields
 + Level 3.2 Unarmed Combat
 + Level 6.0 Spellcasting
 + Level 7.6 Conjurations
 + Level 2.6 Hexes
 + Level 2.6 Charms
 + Level 2.6 Summonings
 + Level 2.6 Necromancy
 + Level 2.6 Translocations
 + Level 2.6 Transmutations
 + Level 2.6 Fire Magic
 + Level 2.6 Ice Magic
 + Level 2.6 Air Magic
 + Level 2.6 Earth Magic
 + Level 2.6 Poison Magic
 + Level 3.6 Invocations
 + Level 3.2 Evocations


You had 16 spell levels left.
You knew the following spells:

 Your Spells              Type           Power        Failure   Level  Hunger
a - Magic Dart            Conj           ####         1%          1    None
b - Searing Ray           Conj           #####.       1%          2    None


Dungeon Overview and Level Annotations

Branches:
Dungeon (6/15)             Temple (1/1) D:5

Altars:
Ashenzari
Cheibriados
Dithmenos
Elyvilon
Fedhas
Kikubaaqudgha
Makhleb
Nemelex Xobeh
Qazlal
Ru
Trog
Uskayaw
Wu Jian
Yredelemnul
Zin
The Shining One

Shops:
D:5 !

Annotations:
D:2 Robin
D:3 1 runed door


Innate Abilities, Weirdness & Mutations

Your experience applies equally to all skills.
You have very sharp teeth.
Your uncanny sense of smell can sniff out nearby items.


Message History

Aiming: Searing Ray
Press: ? - help, Shift-Dir - straight line, f - red ugly thing
Aim: a red ugly thing The searing ray hits the red ugly thing.
The red ugly thing is lightly wounded. (Press . to maintain the ray.)
The searing ray misses the red ugly thing.
The red ugly thing tail-slaps you!
You are engulfed in flames!
You resist.
Okay, then.
It was a potion of cancellation.
You feel magically purged.
The red ugly thing tail-slaps you but does no damage.
It was a potion of magic.
Magic courses through your body. The red ugly thing tail-slaps you.
* * * LOW HITPOINT WARNING * * *
You are engulfed in flames!
You resist.
* * * LOW HITPOINT WARNING * * *
It was a potion of might.
You feel very mighty all of a sudden. The red ugly thing tail-slaps you!
You die...

♣♣.♣♣♣♣♣♣ ######....#.##
........♣ #............#
.......♣ #.####.#...#.#
≈≈≈≈♣..♣ #.# ##.#...#.###
#≈≈..♣ #.# #..#........
#≈..♣### #.# #.##..##.###
#≈...o.######.# #.##..##.# ≈
##≈..♣#.#))u##.###.##..##.#
≈≈###≈≈.o♣#..###@#............#
♣≈≈≈≈≈♣..♣#.## ##.####.########
./.......♣### ##.# #.##.##
.........♣ #.###.#...####
♣♣♣o♣♣♣♣♣♣ #............+ #'
#.######....### .. ##.#.# ...
###.# .... #.#


You could see a red ugly thing.

Vanquished Creatures
  An ice beast (D:6)
  An orc warrior (D:6)
  An ogre (D:4)
  A bullfrog (D:6)
  A scorpion (D:4)
  A crimson imp (D:5)
  3 hounds
  4 orc priests
  A centaur skeleton (D:4)
  A bullfrog skeleton (D:5)
  Jessica (D:2)
  An iguana (D:6)
  7 worker ants
  An orc wizard (D:3)
  2 worker ant zombies (D:5)
  13 adders
  6 gnolls
  A howler monkey skeleton (D:4)
  A shadow imp (D:4)
  An ooze (D:4)
  6 worms
  2 dart slugs
  3 leopard geckos (D:3)
  15 orcs
  3 giant cockroaches
  8 goblins
  5 hobgoblins
  16 jackals
  2 kobolds
  A quokka (D:6)
  A ball python (D:4)
  7 bats
  2 frilled lizards
  7 rats
127 creatures vanquished.

Notes
Turn   | Place    | Note
-------+----------+-------------------------------------------
     0 | D:1      | inc the Gnoll Conjurer began the quest for the Orb.
     0 | D:1      | Reached XP level 1. HP: 13/13 MP: 6/6
   129 | D:2      | Noticed Jessica
   134 | D:2      | Killed Jessica
   134 | D:2      | Reached skill level 5 in Spellcasting
   134 | D:2      | Reached XP level 2. HP: 20/20 MP: 8/8
   134 | D:2      | Reached XP level 3. HP: 25/25 MP: 9/9
   753 | D:1      | Reached skill level 1 in Invocations
  1100 | D:2      | Reached skill level 1 in Fighting
  1100 | D:2      | Reached skill level 1 in Short Blades
  1100 | D:2      | Reached skill level 1 in Long Blades
  1100 | D:2      | Reached skill level 1 in Axes
  1100 | D:2      | Reached skill level 1 in Maces & Flails
  1100 | D:2      | Reached skill level 1 in Polearms
  1100 | D:2      | Reached skill level 1 in Staves
  1100 | D:2      | Reached skill level 1 in Slings
  1100 | D:2      | Reached skill level 1 in Bows
  1100 | D:2      | Reached skill level 1 in Crossbows
  1100 | D:2      | Reached skill level 1 in Throwing
  1100 | D:2      | Reached skill level 1 in Armour
  1100 | D:2      | Reached skill level 1 in Shields
  1100 | D:2      | Reached skill level 1 in Unarmed Combat
  1100 | D:2      | Reached skill level 1 in Evocations
  1110 | D:2      | Reached XP level 4. HP: 29/32 MP: 11/11
  1670 | D:2      | Learned a level 2 spell: Searing Ray
  1680 | D:2      | Reached skill level 1 in Hexes
  1680 | D:2      | Reached skill level 1 in Charms
  1680 | D:2      | Reached skill level 1 in Summonings
  1680 | D:2      | Reached skill level 1 in Necromancy
  1680 | D:2      | Reached skill level 1 in Translocations
  1680 | D:2      | Reached skill level 1 in Transmutations
  1680 | D:2      | Reached skill level 1 in Fire Magic
  1680 | D:2      | Reached skill level 1 in Ice Magic
  1680 | D:2      | Reached skill level 1 in Air Magic
  1680 | D:2      | Reached skill level 1 in Earth Magic
  1680 | D:2      | Reached skill level 1 in Poison Magic
  1686 | D:2      | Noticed Robin
  2062 | D:2      | Found a stormy altar of Qazlal.
  2189 | D:3      | Reached XP level 5. HP: 37/37 MP: 9/12
  2462 | D:3      | Noticed a moth of wrath
  2465 | D:3      | Found a bloodstained altar of Trog.
  2805 | D:3      | Reached XP level 6. HP: 44/44 MP: 13/13
  2980 | D:3      | Found a runed door.
  3581 | D:4      | Reached skill level 5 in Dodging
  3680 | D:5      | Entered Level 5 of the Dungeon
  3784 | D:4      | Reached XP level 7. HP: 36/50 MP: 10/15
  4274 | D:4      | Found a white marble altar of Elyvilon.
  4307 | D:4      | Reached skill level 5 in Stealth
  4498 | D:5      | Found Jeirano's Distillery.
  4637 | D:5      | Reached XP level 8. HP: 57/57 MP: 15/16
  4920 | D:5      | Got a spiked leather armour
  4931 | D:5      | Identified the +1 leather armour of Hedge Wizardry {rC++} (You found it on level 5 of the Dungeon)
  5041 | D:5      | Found a staircase to the Ecumenical Temple.
  5051 | Temple   | Entered the Ecumenical Temple
  5174 | Temple   | Became a worshipper of Ashenzari the Shackled
  5535 | D:6      | Found a bloodstained altar of Trog.
  5972 | D:6      | Noticed a red ugly thing
  5978 | D:6      | Slain by a red ugly thing

Skill      XL: |  1  2  3  4  5  6  7  8 |
---------------+-------------------------+-----
Spellcasting   | 5 6 |  6.0
Invocations    | 1 2 3 |  3.6
Fighting       | 1 2 3 |  3.2
Short Blades   | 1 2 3 |  3.2
Long Blades    | 1 2 3 |  3.2
Axes           | 1 2 3 |  3.2
Maces & Flails | 1 2 3 |  3.2
Polearms       | 1 2 3 |  3.2
Staves         | 1 2 3 |  3.2
Slings         | 1 2 3 |  3.2
Bows           | 1 2 3 |  3.2
Crossbows      | 1 2 3 |  3.2
Throwing       | 1 2 3 |  3.2
Armour         | 1 2 3 |  3.2
Shields        | 1 2 3 |  3.2
Unarmed Combat | 1 2 3 |  3.2
Evocations     | 1 2 3 |  3.2
Hexes          | 1 2 |  2.6
Charms         | 1 2 |  2.6
Summonings     | 1 2 |  2.6
Necromancy     | 1 2 |  2.6
Translocations | 1 2 |  2.6
Transmutations | 1 2 |  2.6
Fire Magic     | 1 2 |  2.6
Ice Magic      | 1 2 |  2.6
Air Magic      | 1 2 |  2.6
Earth Magic    | 1 2 |  2.6
Poison Magic   | 1 2 |  2.6
Dodging        | 5 |  5.7
Stealth        | 5 |  5.3
Conjurations   | |  7.6

Action                   |  1- 3 |  4- 6 |  7- 9 || total
-------------------------+-------+-------+-------++-------
Melee: Dagger            |       |    40 |       ||    40
       Bite              |       |     3 |       ||     3
       Punch             |       |     1 |       ||     1
 Cast: Magic Dart        |    33 |   127 |   120 ||   280
       Searing Ray       |       |    11 |    15 ||    26
Invok: Curse Item        |       |       |     1 ||     1
  Use: Scroll            |       |     6 |     1 ||     7
       Potion            |       |       |     3 ||     3
 Stab: Sleeping          |       |     2 |       ||     2
  Eat: Chunk             |       |     8 |     4 ||    12
       Ration            |       |       |     1 ||     1
Armor: Robe              |     2 |       |       ||     2
       Leather armour    |       |     4 |     5 ||     9
       Ring mail         |       |    26 |    17 ||    43
Dodge: Dodged            |     3 |    63 |    32 ||    98
